 Dungeon Crawl Stone Soup version 0.28-a0-1356-g2ad6d04315 (webtiles) character file.

Game seed: 10247952957433778769

326 mordus the Skirmisher (level 6, 0/48 HPs)
             Began as a Djinni Cinder Acolyte on Dec 30, 2021.
             Was a High Priest of Ignis.
             Constricted to death by a ball python (1 damage)
             ... in a sewer.
             The game lasted 00:10:09 (3943 turns).

mordus the Skirmisher (Djinni Cinder Acolyte)       Turns: 3943, Time: 00:10:10

Health: 0/48       AC:  4    Str: 13    XL:     6   Next: 78%
Gold:   42         EV:  9    Int: 18    God:    Ignis [*****.] SH:  0 Dex:  8

rFire   + + +      SeeInvis .     - Unarmed
rCold   x . .      Faith    .   (no shield)
rNeg    . . .      Spirit   .   a - +0 robe
rPois   ∞          Reflect  .   h - +2 hat
rElec   .          Harm     .   (no cloak)
rCorr   .          Rampage  .   (no gloves)
Will    .....                   (boots unavailable)
Stlth   +.........              (no amulet)
HPRegen 0.16/turn               (no ring)
MPRegen 0.00/turn               (no ring)

@: flying, very slightly contaminated, constricted
A: sickness immunity, fire resistance 2, cold vulnerability 1, float, innate
caster, hp casting, extra vitality 1
a: Renounce Religion, Fiery Armour, Foxfire Swarm, Rising Flame


You were in a sewer.
You worshipped Ignis.
Ignis was extremely pleased with you.
You visited 1 branch of the dungeon, and saw 3 of its levels.
You also visited: Sewer.

You collected 42 gold pieces.

Inventory:

Armour
 a - a +0 robe (worn)
 h - a +2 hat (worn)
Scrolls
 c - 4 scrolls of teleportation
 d - a scroll of immolation {unknown}
 e - 2 scrolls of vulnerability {unknown}
 k - 5 scrolls of identify {unknown}
 l - a scroll of magic mapping {unknown}
 o - a scroll of enchant weapon {unknown}
 p - a scroll of holy word {unknown}
 q - a scroll of summoning {unknown}
Potions
 b - 5 potions of curing {unknown}
 f - a potion of berserk rage {unknown}
 g - 2 potions of haste {unknown}
 i - 3 potions of heal wounds {unknown}
 j - a potion of flight {unknown}
 m - a potion of brilliance {unknown}
 n - a potion of might {unknown}


   Skills:
 + Level 4.3 Fighting
 + Level 3.1 Dodging
 - Level 3.0 Unarmed Combat
 * Level 4.2 Spellcasting


You had 8 spell levels left.
You knew the following spells:

 Your Spells              Type           Power      Damage    Failure   Level
a - Scorch                Fire           38%        2d6       3%          2
b - Sting                 Tmut/Pois      76%        1d6       2%          1
c - Corpse Rot            Necr/Air       38%        N/A       3%          2
Your spell library was empty.

Dungeon Overview and Level Annotations

Branches:
Dungeon (3/15)              Sewer (1/1)

Altars:


Innate Abilities, Weirdness & Mutations

You are immune to sickness and miasma.
You are immune to poison.
Your flesh is very heat resistant. (rF++)
You are vulnerable to cold. (rC-)
You float through the air rather than walking.
You learn spells naturally, not from books.
Your magical power is your life essence.
You have superior vitality. (+4 MHP)


Message History

The adder bites you but does no damage. The adder bites you.
* * * LOW HITPOINT WARNING * * *
The bullfrog barely misses you. The ball python barely misses you.
The ball python misses you. The adder barely misses you.
Your Dodging skill increases to level 3!
Casting: Scorch (safe; 3% risk of failure)
Confirm with . or Enter, or press ? or * to list all spells.
You smell decay.
* * * LOW HITPOINT WARNING * * *
The adder closely misses you.
The adder is engulfed in a cloud of scalding steam.
You kill the adder!
The adder bites you.
* * * LOW HITPOINT WARNING * * *
The bullfrog is engulfed in dark miasma.
The bullfrog is poisoned.
The bullfrog hits you.
* * * LOW HITPOINT WARNING * * *
The adder misses you.
The ball python is engulfed in dark miasma.
The ball python is poisoned.
The ball python seems to slow down.
You kill the ball python!
The adder completely misses you.
Casting: Corpse Rot (safe; 3% risk of failure)
Confirm with . or Enter, or press ? or * to list all spells.
Flames lash the adder.
The adder is severely wounded.
The adder's fire resistance burns away.
* * * LOW HITPOINT WARNING * * *
The bullfrog is engulfed in dark miasma.
The bullfrog looks even sicker.
The bullfrog seems to slow down.
The bullfrog barely misses you. The adder bites you but does no damage.
The adder is engulfed in a cloud of scalding steam.
You kill the adder!
The adder closely misses you.
The bullfrog is engulfed in dark miasma.
The bullfrog looks even sicker.
The bullfrog hits you.
* * * LOW HITPOINT WARNING * * *
The ball python bites you but does no damage.
The ball python grabs you. The ball python constricts you.
You die...

#≈≈≈≈≈≈#
#≈≈≈÷÷≈#
#≈≈≈≈≈≈#
#≈≈†≈≈≈#
#≈≈≈≈≈≈#
#≈≈≈≈≈≈#
#≈#≈≈≈≈#
#≈≈≈≈.≈#
#≈≈#≈≈≈#
#≈≈[..≈#
#≈.≈≈≈≈#
##..≈.≈#
#≈.≈≈≈≈#
#≈≈≈≈≈≈#
#≈≈≈SF≈#
#≈≈≈≈≈≈#
#≈≈§@○≈#
#≈≈≈≈≈≈#
#≈≈SS§≈#
#≈≈≈≈≈≈#
#≈≈≈≈≈≈#
#≈≈≈≈≈≈#
#≈≈≈J≈≈#
#≈≈≈≈≈≈#
#≈≈≈#≈≈#
#≈≈≈≈≈≈#
#..≈≈.##
##.≈..##
#......
#......#
#......
##......
#......
#......


You could see a bullfrog (very poisoned, slow), 2 adders, an endoplasm and a
ball python.

Vanquished Creatures
  A bullfrog (Sewer)
  16 adders
  3 river rats
  3 worms (D:2)
  3 orcs
  2 bats
  3 endoplasms
  A giant cockroach (D:2)
  7 goblins
  5 hobgoblins
  A jackal (D:1)
  2 quokkas
  17 ball pythons
  3 frilled lizards
  9 kobolds
  32 rats
108 creatures vanquished.

Vanquished Creatures (others)
  5 fungi (D:1)
  3 plants (D:1)
8 creatures vanquished.

Grand Total: 116 creatures vanquished

Notes
Turn   | Place    | Note
-------+----------+-------------------------------------------
     0 | D:1      | mordus the Djinni Cinder Acolyte began the quest for the
                  | Orb.
     0 | D:1      | Reached XP level 1. HP: 20/20 MP: 0/0
   155 | D:1      | Reached XP level 2. HP: 25/25 MP: 0/0
   526 | D:1      | Found a faded altar of an unknown god.
   574 | D:1      | Reached skill level 1 in Dodging
   742 | D:1      | Reached XP level 3. HP: 27/30 MP: 0/0
   742 | D:1      | Learned a level 1 spell: Sting
  1407 | D:2      | Reached XP level 4. HP: 29/35 MP: 0/0
  2492 | D:3      | Reached XP level 5. HP: 37/41 MP: 0/0
  2492 | D:3      | Learned a level 2 spell: Corpse Rot
  3045 | D:3      | Found a glowing drain.
  3054 | Sewer    | Entered a sewer
  3173 | Sewer    | HP: 1/41 [adder (1)]
  3175 | Sewer    | Reached XP level 6. HP: 2/47 MP: 0/0
  3943 | Sewer    | HP: 1/48 [bullfrog (1)]
  3943 | Sewer    | Constricted to death by a ball python

Illustrated notes

Levels and vault maps discovered:
D:1:      scummos_arrival_forest, layout_basic,
          shapermc_ecumenical_altar_mp_urbaneastern, minmay_heptomino_l4
D:2:      wad_river_or_something, layout_basic
D:3:      layout_loops_ring, mainiacjoe_overflow_boulevard, portal_sewer_entry_b
Sewer:    sewer_minmay_w

Skill      XL: |  1  2  3  4  5  6 |
---------------+-------------------+-----
Dodging        | 1 2 3 |  3.1
Spellcasting   | 3 4 |  4.2
Fighting       | 4 |  4.3
Unarmed Combat | |  3.0

Action                   |  1- 3 |  4- 6 || total
-------------------------+-------+-------++-------
Melee: Unarmed           |    35 |    46 ||    81
       Punch             |     1 |       ||     1
 Cast: Scorch            |    23 |    74 ||    97
       Sting             |     3 |    11 ||    14
       Corpse Rot        |       |     1 ||     1
  Use: Scroll            |     1 |       ||     1
Armor: Robe              |    10 |    38 ||    48
Dodge: Dodged            |    17 |    80 ||    97

Table legend: (Time is in decaauts)
 A = Elapsed time spent in this place.
 B = Non-inter-level travel time spent in this place.
 C = Inter-level travel time spent in this place.
 D = Time resting spent in this place.
 E = Time spent auto-exploring this place.
 F = Levels seen in this place.
 G = Mean time per level.
                   A        B        C        D        E       F      G
               +--------+--------+--------+--------+--------+-----+--------+
         Total |   3937 |   3883 |     54 |   1081 |   2241 |   4 |  984.2 |
       Dungeon |   3049 |   2995 |     54 |    464 |   2156 |   3 | 1016.3 |
         Sewer |    888 |    888 |      0 |    617 |     85 |   1 |  888.0 |
               +--------+--------+--------+--------+--------+-----+--------+

Top non-repeatable levels by time:
     D:2: 1443 daAuts
     D:1: 1021 daAuts
   Sewer: 888 daAuts
     D:3: 584 daAuts
